 Dungeon Crawl Stone Soup version 0.31-a0-441-g867994ef1c (webtiles) character file.

Game seed: 6597305267133584575

10815 Xavori the Martial Artist (level 11, 0/69 HPs)
             Began as an Octopode Chaos Knight on Aug 2, 2023.
             Was a Plaything of Xom.
             Slain by a komodo dragon (29 damage)
             ... on level 1 of the Lair of Beasts.
             The game lasted 00:15:46 (18920 turns).

Xavori the Martial Artist (Octopode Chaos Knight)  Turns: 18920, Time: 00:15:47

Health: 0/69       AC:  5    Str: 12    XL:     11   Next: 68%
Magic:  17/17      EV: 20    Int: 15    God:    Xom [...*..]
Gold:   482        SH:  9    Dex: 15    Spells: 11/16 levels left

rFire   . .          .
                       - Unarmed
rCold   + . .        r - +0 buckler
rNeg    . . .        (helmet currently unavailable)
rPois   .            E - amulet of reflection
rElec   .            h - +5 ring of evasion
rCorr   .            B - ring of protection from cold
SInv    +            (no ring)
Will    .....        (no ring)
Stlth   +++++        (no ring)
HPRegen 0.31/turn    (no ring)
MPRegen 0.15/turn    (no ring)
                     (no ring)

%: reflection, clarity
@: lethally poisoned (0 -> -2), beast-form, marked
A: beast (slay +5), almost no armour, amphibious, 8 rings, camouflage 1,
gelatinous body 1, (nimble swimmer 1), tentacles, antennae 1, iridescent scales
2, see invisible, clarity, high MP 1
a: Begin Untransformation, Renounce Religion


You were on level 1 of the Lair of Beasts.
You worshipped Xom.
You were a favourite toy of Xom.
You were a hulking beast.
You visited 2 branches of the dungeon, and saw 12 of its levels.

You collected 618 gold pieces.
You spent 136 gold pieces at shops.

Inventory:

Missiles
 s - 2 throwing nets
 A - a curare-tipped dart
Armour
 n - a +1 hat
 r - a +0 buckler (worn)
Jewellery
 h - a +5 ring of evasion (left tentacle)
 B - a ring of protection from cold (right tentacle)
 E - an amulet of reflection (around mantle)
Talismans
 m - a beast talisman (active)
 F - a maw talisman
Wands
 g - a wand of charming (17)
 i - a wand of flame (47)
 z - a wand of roots (14)
 G - a wand of quicksilver (3)
Scrolls
 a - 2 scrolls of butterflies
 b - 9 scrolls of teleportation
 c - 2 scrolls of amnesia
 f - 2 scrolls of fear
 l - 4 scrolls of enchant weapon
 o - a scroll of enchant armour
 p - a scroll of revelation
 x - a scroll of fog
 C - 2 scrolls of blinking
 D - 3 scrolls of identify
Potions
 d - 2 potions of lignification
 e - 2 potions of might
 j - 2 potions of brilliance {unknown}
 k - a potion of ambrosia
 q - a potion of cancellation {unknown}
 t - a potion of magic {unknown}
 u - 3 potions of heal wounds {unknown}
 v - 6 potions of curing
 w - 3 potions of mutation
Miscellaneous
 y - a box of beasts
 H - a lightning rod (4/4)
 I - a phantom mirror


   Skills:
 + Level 4.2 Fighting
 + Level 5.3 Dodging
 - Level 8.3 Stealth
 + Level 1.8 Shields
 + Level 10.3 Unarmed Combat
 - Level 3.3 Spellcasting
 * Level 4.4 Air Magic
 * Level 7.5 Evocations
 * Level 7.3 Shapeshifting


You had 11 spell levels left.
You knew the following spells:

 Your Spells              Type           Power      Damage    Failure   Level
a - Passwall              Tmut/Erth      1%         N/A       38%         2
b - Swiftness             Air            15%        N/A       13%         3

Your spell library contained the following spells:

 Spells                   Type           Power      Damage    Failure   Level
 Cigotuvi's Dreadful Rot  Necr/Pois/Air  12%        N/A       22%         2
 Ensorcelled Hibernation  Hex/Ice        4%         N/A       38%         2
 Ozocubu's Armour         Ice            2%         N/A       63%         3
 Dispel Undead            Necr           2%         3d7       95%         4
 Leda's Liquefaction      Hex/Erth       1%         N/A       95%         4
 Manifold Assault         Tloc           2%         N/A       95%         4
 Lee's Rapid Deconstruct  Erth           1%         3d4*      100%        5
 Metabolic Englaciation   Hex/Ice        1%         N/A       100%        5
 Death Channel            Necr           1%         N/A       100%        6
 Dispersal                Tloc           1%         N/A       100%        6
 Leda's Unmaking          Conj/Erth      1%         9d1       100%        6
 Simulacrum               Ice/Necr       1%         N/A       100%        6
 Disjunction              Tloc           1%         N/A       100%        8


Dungeon Overview and Level Annotations

Branches:
Dungeon (11/15)            Temple (0/1) D:5            Lair (1/5) D:8
    Orc: D:9-12

Altars:
Hepliaklqana
Makhleb
Sif Muna
Trog
Wu Jian
Xom

Shops:
D:4 ?   D:5 :   D:6 (

Annotations:
D:4 1 runed translucent door, Crazy Yiuf
D:5 2 transporters, osoart's ghost, novice OpSh
D:8 1 runed translucent door, randomguy2701's ghost, novice TeAE


Innate Abilities, Weirdness & Mutations

You are a hulking beast.
Your limbs bulge with bestial killing power. (Slay +5)
You cannot wear most types of armour.
You are amphibious.
You can wear up to eight rings at the same time.
Your skin changes colour to match your surroundings (Stealth+).
Your rubbery body absorbs attacks. (AC +1, EV +1)
((You are camouflaged when in or above water. (Stealth+)))
You have tentacles for arms and can constrict up to eight enemies at once.
You have a pair of small antennae on your head.
You are mostly covered in iridescent scales. (AC +4)
You have supernaturally acute eyesight. (SInv)
You possess an exceptional clarity of mind.
You have an increased reservoir of magic. (+10% MP)


Message History

The cane toad is heavily wounded.
You constrict the cane toad.
You feel very sick. The cane toad misses you.
A wyvern comes into view.
You tentacle-slap the cane toad.
You squeeze the cane toad, but do no damage.
The cane toad is severely wounded.
You constrict the cane toad.
You feel very sick.
The komodo dragon bites the fungus!!
The fungus begins to die.
The cane toad stings you.
You bludgeon the cane toad! You tentacle-slap the cane toad.
The cane toad is almost dead.
You constrict the cane toad.
You kill the cane toad!
You feel sick.
The komodo dragon attacks as you move away!
The komodo dragon completely misses you.
You feel very sick.
You bludgeon the komodo dragon!
You squeeze the komodo dragon, but do no damage.
The komodo dragon is moderately wounded.
You feel sick. The komodo dragon misses you.
You bludgeon the komodo dragon!
The komodo dragon is heavily wounded.
You feel sick.
A nearby fungus withers and dies.
You tentacle-slap the komodo dragon. Your squeeze misses the komodo dragon.
The komodo dragon is heavily wounded.
You feel sick. The komodo dragon barely misses you.
You tentacle-slap the komodo dragon but do no damage.
Your squeeze misses the komodo dragon.
The komodo dragon is heavily wounded.
You feel sick. The komodo dragon barely misses you.
You tentacle-slap the komodo dragon.
You squeeze the komodo dragon, but do no damage.
The komodo dragon is heavily wounded.
You feel sick. The komodo dragon bites you!!
You die...
Xom roars with laughter!

#. #.. #..# #.##.#
#..## .
#.##.###.#.# ..
##.##....... ...
P.##.P##.# ## ....
#.##.....#
##.#.....
##.##.##..#
#l†......
#...#.##..## #l#
####.#..##...###h#
#.##.............#
........##.####.##
####.####..# ###
#†# ##.# ##.# #..
#..# #. ##.# #.
#.#


You could see a komodo dragon and a wyvern.

Vanquished Creatures
  Pikel (D:7)
  A cyclops (D:11)
  A cane toad (Lair:1)
  A torpor snail (Lair:1)
  Maggie (D:10)
  A hornet (D:8)
  A wraith (D:11)
  4 wyverns
  24 yaks
  Eustachio (D:4)
  2 steam dragons
  A basilisk (Lair:1)
  2 hogs
  A water moccasin (D:7)
  2 black bears (D:8)
  4 orc warriors
  2 sky beasts
  An ogre (D:4)
  4 centaurs
  2 kobold brigands
  8 bullfrogs
  4 scorpions
  A gnoll sergeant (D:8)
  3 wights (D:9)
  9 killer bees
  3 hounds
  2 jellies
  5 orc priests
  Jessica (D:2)
  2 sleepcaps (D:4)
  Ijyb (D:5)
  5 iguanas
  8 orc wizards
  4 gnolls
  7 adders
  A white imp (D:7)
  An ufetubus (D:5)
  2 worms
  A dart slug (D:4)
  21 orcs
  2 ball pythons (D:4)
  2 bats
  3 endoplasms
  10 giant cockroaches
  2 goblins
  10 hobgoblins
  4 quokkas
  3 frilled lizards (D:2)
  10 kobolds
  4 rats (D:2)
196 creatures vanquished.

Vanquished Creatures (collateral kills)
  A steam dragon (D:6)
  A gnoll sergeant (D:6)
  A hound (D:6)
  2 sleepcaps
  5 gnolls
  An adder (D:6)
  2 orcs
  A kobold (D:8)
14 creatures vanquished.

Grand Total: 210 creatures vanquished

Notes
Turn   | Place    | Note
-------+----------+-------------------------------------------
     0 | D:1      | Xavori the Octopode Chaos Knight began the quest for the
                  | Orb.
     0 | D:1      | Reached XP level 1. HP: 16/16 MP: 1/1
   129 | D:1      | XOM: divination: detect creatures
   158 | D:1      | Reached XP level 2. HP: 21/21 MP: 2/2
   657 | D:1      | XOM: divination: magic mapping
  1015 | D:1      | XOM: divination: detect items
  1805 | D:1      | XOM: god gift: scroll labelled EREDIA KOUFE {god gift}
  1832 | D:1      | XOM is BORED!
  2025 | D:1      | XOM: give mutations
  2025 | D:1      | Gained mutation: You expend magic power (3 MP) to
                  | strengthen your wands. [Xom's grace]
  2025 | D:1      | Gained mutation: You possess an exceptional clarity of
                  | mind. [Xom's grace]
  2025 | D:1      | Gained mutation: You are agile. (Dex +4, Str/Int -1) [Xom's
                  | grace]
  2025 | D:1      | Gained mutation: You have supernaturally acute eyesight.
                  | (SInv) [Xom's grace]
  2419 | D:1      | XOM: god gift: scroll labelled CIPPEPS PENN {god gift}
  2558 | D:1      | XOM: scenery: create altars
  2942 | D:1      | XOM: god gift: jade ring {god gift}
  3585 | D:1      | XOM: silly message
  3628 | D:1      | XOM: summons 2 hostile demons
  3629 | D:1      | Noticed a crimson imp
  4637 | D:1      | XOM: noise
  4909 | D:1      | XOM: divination: magic mapping
  5876 | D:1      | XOM is BORED!
  6295 | D:1      | XOM: silly message
  6300 | D:1      | XOM: silly message
  7954 | D:1      | XOM: silly message
  8468 | D:1      | XOM: divination: detect creatures
  8731 | D:1      | XOM: silly message
  8749 | D:1      | XOM: cloud trail
  8828 | D:1      | XOM: god gift: bone wand {god gift}
  8845 | D:2      | Noticed Jessica
  8846 | D:2      | XOM: smoke on damage
  8848 | D:2      | Killed Jessica
  8849 | D:2      | Reached skill level 1 in Stealth
  8849 | D:2      | Reached XP level 3. HP: 22/26 MP: 3/3
  8935 | D:2      | Found an ornate altar of the Wu Jian Council.
  9195 | D:2      | XOM: enchant monster (bad)
  9203 | D:2      | Reached skill level 1 in Evocations
  9203 | D:2      | Reached XP level 4. HP: 19/31 MP: 4/4
  9593 | D:3      | Reached skill level 4 in Unarmed Combat
  9599 | D:3      | Reached skill level 1 in Shapeshifting
  9599 | D:3      | Reached XP level 5. HP: 17/36 MP: 5/5
  9876 | D:3      | Found a faded altar of an unknown god.
  9971 | D:3      | XOM: stat loss: -1 Dex (16/17)
  9984 | D:3      | Found an ornate altar of the Wu Jian Council.
 10262 | D:4      | Noticed an ogre
 10274 | D:4      | Killed an ogre
 10274 | D:4      | XOM: smoke on damage
 10282 | D:4      | Reached XP level 6. HP: 37/42 MP: 6/6
 10296 | D:3      | XOM: stat loss: -1 Dex (16/17)
 10340 | D:4      | Found Bung's Magic Scroll Shoppe.
 10350 | D:4      | Bought a scroll of revelation for 97 gold pieces
 10350 | D:4      | Bought a scroll of teleportation for 39 gold pieces
 10477 | D:4      | XOM: swap monsters
 10567 | D:4      | XOM: give mutations
 10567 | D:4      | Gained mutation: You have a pair of small antennae on your
                  | head. [Xom's grace]
 10567 | D:4      | Gained mutation: You are partially covered in iridescent
                  | scales. (AC +2) [Xom's grace]
 10774 | D:4      | Found a runed translucent door.
 10775 | D:4      | Noticed Crazy Yiuf
 10882 | D:4      | Noticed Eustachio
 10902 | D:4      | Killed Eustachio
 10903 | D:4      | Reached skill level 5 in Unarmed Combat
 10903 | D:4      | Reached XP level 7. HP: 37/47 MP: 7/7
 11288 | D:5      | Entered Level 5 of the Dungeon
 11289 | D:5      | XOM: enchant monster (good)
 11325 | D:5      | Noticed a yak
 11341 | D:5      | XOM is BORED!
 11344 | D:5      | Noticed a yak
 11350 | D:5      | Noticed a yak
 11351 | D:5      | Noticed a yak
 11351 | D:5      | Noticed a yak
 11351 | D:5      | Noticed a yak
 11354 | D:5      | XOM: confuse monster(s)
 11362 | D:4      | XOM: smoke on damage
 11365 | D:4      | XOM: draining
 11370 | D:4      | Killed a yak
 11456 | D:4      | XOM: torment (18/47 hp)
 11573 | D:4      | Killed a yak
 11574 | D:4      | Reached XP level 8. HP: 38/54 MP: 8/8
 11640 | D:4      | Reached skill level 5 in Stealth
 11686 | D:5      | XOM: silly message
 11690 | D:4      | XOM: cast spell 'Dispersal'
 11699 | D:4      | Killed a yak
 11700 | D:4      | Reached skill level 6 in Unarmed Combat
 11843 | D:4      | Killed a yak
 11935 | D:5      | XOM: summons 3 friendly demons
 11938 | D:5      | Killed a yak
 12022 | D:5      | XOM: smoke on damage
 12069 | D:4      | XOM: scenery: 1 doors close
 12368 | D:5      | Noticed Ijyb
 12376 | D:5      | Killed Ijyb
 12377 | D:5      | Reached XP level 9. HP: 57/58 MP: 9/9
 12381 | D:5      | Found Xaqumnut's Self-Improvement Boutique.
 12450 | D:5      | XOM: god gift: shiny plate armour {god gift}
 12617 | D:5      | XOM: scenery: summon butterflies
 12680 | D:5      | XOM: summons friendly ice devil
 12688 | D:5      | XOM: scenery: summon butterflies
 12728 | D:5      | Found a transporter.
 12733 | D:5      | Found a transporter.
 12734 | D:5      | Noticed osoart's ghost (novice OpSh)
 12759 | D:5      | XOM is BORED!
 12759 | D:5      | XOM: give mutations
 12759 | D:5      | Lost mutation: You are partially covered in iridescent
                  | scales. (AC +2) [Xom's mischief]
 12759 | D:5      | Gained mutation: You are partially covered in iridescent
                  | scales. (AC +2) [Xom's mischief]
 12759 | D:5      | Lost mutation: You are agile. (Dex +4, Str/Int -1) [Xom's
                  | mischief]
 12785 | D:5      | Found a staircase to the Ecumenical Temple.
 12794 | D:5      | XOM: god gift: box of beasts
 12863 | D:6      | Reached skill level 5 in Shapeshifting
 12868 | D:6      | Reached skill level 7 in Unarmed Combat
 12965 | D:6      | Found Mudoujidwa's Weapon Shop.
 13026 | D:6      | Found a hazy altar of Hepliaklqana.
 13237 | D:6      | XOM: give mutation
 13237 | D:6      | Gained mutation: You are strong-willed. (Will+) [Xom's
                  | grace]
 13305 | D:6      | XOM: scenery: 1 doors open
 13540 | D:7      | Noticed Pikel
 13665 | D:7      | Reached skill level 5 in Evocations
 13674 | D:7      | Reached skill level 1 in Spellcasting
 13746 | D:7      | XOM: cast spell 'Alistair's Intoxication'
 14006 | D:7      | Killed Pikel
 14136 | D:7      | Learned a level 2 spell: Passwall
 14256 | D:7      | Noticed a moth of wrath
 14259 | D:7      | Found a bloodstained altar of Trog.
 14347 | D:7      | XOM: divination: detect items
 14372 | D:7      | Learned a level 3 spell: Swiftness
 14429 | D:8      | Reached XP level 10. HP: 56/63 MP: 12/12
 14504 | D:8      | Reached skill level 8 in Unarmed Combat
 14508 | D:8      | XOM: cast spell 'Summon Ice Beast'
 14509 | D:8      | XOM: potion effect (invisibility)
 14521 | D:8      | Reached skill level 1 in Air Magic
 14734 | D:8      | Found a runed translucent door.
 14735 | D:8      | Noticed randomguy2701's ghost (novice TeAE)
 15018 | D:8      | Found a staircase to the Lair.
 15079 | D:8      | XOM: divination: magic mapping
 15222 | D:8      | XOM: enchant monster (good)
 15527 | D:8      | XOM: give mutations
 15527 | D:8      | Gained mutation: You have an increased reservoir of magic.
                  | (+10% MP) [Xom's grace]
 15527 | D:8      | Gained mutation: You are mostly covered in iridescent
                  | scales. (AC +4) [Xom's grace]
 15527 | D:8      | Gained mutation: You are highly strong-willed. (Will++)
                  | [Xom's grace]
 15831 | D:9      | XOM: divination: detect creatures
 15842 | D:9      | XOM: potion effect (might)
 16374 | D:9      | XOM is BORED!
 16374 | D:9      | XOM: 1-stop teleportation journey
 16759 | D:9      | Noticed a lindwurm
 16892 | D:9      | Reached skill level 9 in Unarmed Combat
 16923 | D:9      | XOM: enchant monster (good)
 16928 | D:9      | XOM: summons 2 friendly demons
 17187 | D:9      | Noticed a lindwurm
 17225 | D:10     | Entered Level 10 of the Dungeon
 17231 | D:10     | XOM: polymorph troll -> hog
 17421 | D:10     | Reached skill level 5 in Dodging
 17474 | D:10     | Reached XP level 11. HP: 65/69 MP: 17/17
 17531 | D:10     | Noticed Maggie
 17544 | D:10     | Killed Maggie
 17802 | D:10     | Found a shimmering blue altar of Sif Muna.
 17949 | D:10     | Found a burning altar of Makhleb.
 18022 | D:11     | XOM: smoke on damage
 18028 | D:11     | XOM is BORED!
 18028 | D:11     | XOM: 2-stop teleportation journey
 18066 | D:11     | Noticed a cyclops
 18075 | D:11     | XOM: summons friendly iron imp
 18080 | D:11     | Killed a cyclops
 18081 | D:11     | Reached skill level 1 in Shields
 18110 | D:10     | XOM: give mutations
 18110 | D:10     | Lost mutation: You are highly strong-willed. (Will++)
                  | [Xom's mischief]
 18110 | D:10     | Lost mutation: You expend magic power (3 MP) to strengthen
                  | your wands. [Xom's mischief]
 18110 | D:10     | Lost mutation: You are strong-willed. (Will+) [Xom's
                  | mischief]
 18253 | D:11     | XOM: summons 4 hostile demons
 18361 | D:11     | XOM: fog
 18427 | D:11     | Noticed a skeletal warrior
 18427 | D:11     | Noticed a skeletal warrior
 18427 | D:11     | Noticed a skeletal warrior
 18427 | D:11     | Noticed a skeletal warrior
 18516 | Lair:1   | Entered Level 1 of the Lair of Beasts
 18550 | Lair:1   | XOM: polymorph yak -> hog
 18654 | Lair:1   | Reached skill level 10 in Unarmed Combat
 18780 | Lair:1   | XOM: enchant monster (good)
 18787 | Lair:1   | XOM: summons 3 friendly demons
 18795 | Lair:1   | XOM: potion effect (curing)
 18920 | Lair:1   | Slain by a komodo dragon

Illustrated notes

Levels and vault maps discovered:
D:1:      amcnicky_arrival_single_pillar, layout_basic, minmay_worlds_worst_comb
D:2:      layout_rooms, basic_altar, uniq_jessica
D:3:      layout_loops_cross, pdpol_wu_jian_five_deadly_venoms,
          chequers_ecumenical_altar_simple, minmay_misc_feat_enclosed
D:4:      layout_loops_ring, serial_shops, nicolae_shop_tiny_glass,
          nicolae_titane, uniq_eustachio, uniq_crazy_yiuf_cottage
D:5:      layout_rooms, minmay_temple_entry_statues_pillars,
          gammafunk_ghost_hive, nicolae_shop_self_help, uniq_ijyb
D:6:      layout_basic, mainiacjoe_overflow_surrounded_room, serial_shops, shop
D:7:      layout_cave_pools, tgw_trog, uniq_pikel
D:8:      layout_basic, grunt_lair_entry_orc_guard_hut,
          ebering_ghost_reflecting_pool
D:9:      layout_loops_corners, minmay_lindwurm_lava
D:10:     layout_rooms, tgw_sif, lightli_temple_of_fire, uniq_maggie
D:11:     minmay_bloctagon, layout_irregular_city, orc_0_dummy,
          vehumet_altar_wand_db
Lair:1:   layout_loops_ring, lemuel_fruit_fields

Skill      XL: |  1  2  3  4  5  6  7  8  9 10 11 |
---------------+----------------------------------+-----
Stealth        | 1 2 3 4 5 7 8 |  8.3
Evocations     | 1 2 3 4 5 6 7 |  7.5
Unarmed Combat | 4 5 6 7 9 10 | 10.3
Shapeshifting  | 1 2 3 4 6 7 |  7.3
Dodging        | 3 4 5 |  5.3
Fighting       | 4 |  4.2
Spellcasting   | 1 3 |  3.3
Air Magic      | 3 4 |  4.4
Shields        | 1 |  1.8

Action                     |  1- 3 |  4- 6 |  7- 9 | 10-12 || total
---------------------------+-------+-------+-------+-------++-------
  Melee: Unarmed           |    63 |    88 |   170 |   334 ||   655
         Constrict         |    17 |    17 |    24 |    41 ||    99
         Tentacles         |    11 |    22 |    44 |    83 ||   160
         Punch             |     1 |     2 |    11 |    27 ||    41
  Evoke: Wand              |       |       |     1 |       ||     1
    Use: Scroll            |     3 |     4 |     6 |     2 ||    15
   Stab: Sleeping          |     5 |     9 |     8 |    13 ||    35
         Distracted        |       |       |     1 |       ||     1
         Invisible         |       |       |       |     5 ||     5
 Armour: Skin              |     1 |     1 |    14 |    25 ||    41
  Dodge: Dodged            |    33 |    51 |   152 |   192 ||   428
  Block: Buckler           |       |       |       |    77 ||    77
         Reflection        |       |       |       |     2 ||     2
   Form: Beast             |       |     1 |       |       ||     1

Table legend: (Time is in decaauts)
 A = Elapsed time spent in this place.
 B = Non-inter-level travel time spent in this place.
 C = Inter-level travel time spent in this place.
 D = Time resting spent in this place.
 E = Time spent auto-exploring this place.
 F = Levels seen in this place.
 G = Mean time per level.
                   A        B        C        D        E       F      G
               +--------+--------+--------+--------+--------+-----+--------+
         Total |  18868 |  18441 |    427 |  10426 |   6184 |  12 | 1572.3 |
       Dungeon |  18471 |  18098 |    373 |  10366 |   6020 |  11 | 1679.2 |
          Lair |    396 |    343 |     53 |     60 |    164 |   1 |  396.0 |
               +--------+--------+--------+--------+--------+-----+--------+

Top non-repeatable levels by time:
     D:1: 8483 daAuts
     D:4: 1700 daAuts
     D:9: 1434 daAuts
     D:8: 1226 daAuts
     D:7: 1022 daAuts
     D:3: 1000 daAuts
    D:10: 896 daAuts
     D:5: 858 daAuts
     D:2: 788 daAuts
     D:6: 713 daAuts
  Lair:1: 396 daAuts
    D:11: 346 daAuts
